 Dungeon Crawl Stone Soup version 0.31-a0-1074-g0b22e4e0f1 (webtiles) character file.

Game seed: 10445321478719960590

86 grandjackal the Charlatan (level 4, 0/34 HPs)
             Began as a Djinni Artificer on Nov 29, 2023.
             Slain by an orc
             ... wielding a +0 club
              (2 damage)
             ... on level 3 of the Dungeon.
             The game lasted 00:04:03 (2372 turns).

grandjackal the Charlatan (Djinni Artificer)        Turns: 2372, Time: 00:04:03

Health: 0/34       AC:  4    Str: 11    XL:     4   Next: 78%
Gold:   23         EV: 12    Int: 14    God:
                   SH:  0    Dex: 14

rFire   + + .        p - +0 long sword (holy)
rCold   x . .        (no shield)
rNeg    . . .        b - +0 leather armour
rPois   ∞            (no helmet)
rElec   .            (no cloak)
rCorr   .            l - +0 pair of gloves
SInv    .            (boots unavailable)
Will    .....        (no amulet)
Stlth   +            (no ring)
HPRegen 0.25/turn    (no ring)
MPRegen 0.00/turn

%: infuse magic (-1 HP)
@: flying
A: sickness immunity, fire resistance 2, cold vulnerability 1, float, innate
caster, HP casting, extra vitality 1
a: no special abilities


You were on level 3 of the Dungeon.
You visited 1 branch of the dungeon, and saw 3 of its levels.

You collected 115 gold pieces.
You spent 92 gold pieces at shops.

Inventory:

Hand Weapons
 a - a +0 club
 p - a +0 long sword of holy wrath (weapon)
Missiles
 i - 10 poisoned darts (quivered)
 q - 3 curare-tipped darts
Armour
 b - a +0 leather armour (worn)
 l - a +0 pair of gloves (worn)
Wands
 c - a wand of flame (9)
 d - a wand of charming (11)
 e - a wand of iceblast (5)
 g - a wand of digging (8)
Scrolls
 f - 4 scrolls of identify {unknown}
 h - a scroll of blinking {unknown}
 k - a scroll of teleportation {unknown}
 m - 2 scrolls of amnesia {unknown}
 n - a scroll of enchant armour {unknown}
Potions
 j - 3 potions of curing
 o - a potion of lignification
 r - a potion of heal wounds {unknown}


   Skills:
 + Level 2.4 Fighting
 - Level 1.0 Armour
 - Level 2.1 Dodging
 - Level 0.7 Stealth
 * Level 2.2 Spellcasting
 * Level 2.2 Conjurations
 * Level 2.2 Hexes
   Level 0.0 Charms
 * Level 2.2 Summonings
 * Level 2.2 Necromancy
 * Level 2.2 Translocations
 * Level 2.2 Transmutations
 * Level 2.2 Fire Magic
 * Level 2.2 Ice Magic
 * Level 2.2 Air Magic
 * Level 2.2 Earth Magic
 * Level 2.2 Poison Magic
 - Level 3.0 Evocations


You knew the following spells:

 Your Spells              Type           Power      Damage    Failure   Level
a - Sting                 Tmut/Pois      28%        1d4       12%         1
Your spell library was empty.

Dungeon Overview and Level Annotations

Branches:
Dungeon (3/15)

Altars:
Lugonu

Shops:
D:1 =   D:2 (!!!

Portals:
Abyss: D:1

Annotations:
D:1 2 runed translucent doors


Innate Abilities, Weirdness & Mutations

You are immune to sickness and miasma.
You are immune to poison.
Your flesh is very heat resistant. (rF++)
You are vulnerable to cold. (rC-)
You float through the air rather than walking.
You learn spells naturally, not from books.
Your magical power is your life essence.
You have superior vitality. (+4 MHP)


Message History

The orc hits you with a +0 flail!
You hit the orc.
You kill the orc!
The worm looks more healthy.
The orc closely misses you. The worm bites you.
Things that are here:
a +0 flail; a +0 ring mail You hit the worm.
The worm is severely wounded.
The orc closely misses you. The worm bites you.
You slash the worm!
You kill the worm!
The orc misses you.
The orc hits you from afar with a +0 trident.
The goblin hits you with a +0 club.
You barely miss the goblin. The goblin hits you with a +0 club.
The orc closely misses you.
You slash the goblin!
You kill the goblin!
The orc misses you.
An orc comes into view. It is wielding a +0 flail.
The orc closely misses you. The orc hits you with a +0 flail.
The orc moves out of view.
You hit the orc.
The orc is heavily wounded.
The orc barely misses you. The orc hits you with a +0 flail!
* * * LOW HITPOINT WARNING * * *
You hit the orc.
The orc is almost dead.
The orc closely misses you. x2
You hit the orc but do no damage.
The orc is almost dead.
The orc closely misses you. The orc barely misses you.
The orc hits you from afar with a +0 trident.
* * * LOW HITPOINT WARNING * * *
The orc barely misses you.
An orc comes into view. It is wielding a +0 club.
The orc shouts!
The orc hits you with a +0 club.
You die...

.#...####### .......#...
.. ..$.o..#.###.#.#
.....?.......#.#
.......#.#####.#
.#####.#oo)..#.#
#.#####.#.# ##.#####.#.#
.......@...#
##....o..###############
#...............)...)))
...#####################
##


You could see an orc.

Vanquished Creatures
  2 gnolls (D:3)
  An adder (D:2)
  2 worms
  3 dart slugs
  An orc (D:3)
  2 bats (D:2)
  3 endoplasms
  A giant cockroach (D:1)
  4 goblins
  4 hobgoblins
  2 jackals (D:3)
  3 quokkas
  7 ball pythons
  2 frilled lizards
  3 kobolds
  7 rats
47 creatures vanquished.

Vanquished Creatures (collateral kills)
  An endoplasm (D:1)
1 creature vanquished.

Vanquished Creatures (others)
  2 gnolls (D:3)
2 creatures vanquished.

Grand Total: 50 creatures vanquished

Notes
Turn   | Place    | Note
-------+----------+-------------------------------------------
     0 | D:1      | grandjackal the Djinni Artificer began the quest for the
                  | Orb.
     0 | D:1      | Reached XP level 1. HP: 17/17 MP: 0/0
   107 | D:1      | Reached XP level 2. HP: 12/22 MP: 0/0
   158 | D:1      | Found a large runed translucent door.
   158 | D:1      | Found a large runed translucent door.
   200 | D:1      | Reached skill level 1 in Spellcasting
   200 | D:1      | Reached skill level 1 in Conjurations
   200 | D:1      | Reached skill level 1 in Hexes
   200 | D:1      | Reached skill level 1 in Summonings
   200 | D:1      | Reached skill level 1 in Necromancy
   200 | D:1      | Reached skill level 1 in Translocations
   200 | D:1      | Reached skill level 1 in Transmutations
   200 | D:1      | Reached skill level 1 in Fire Magic
   200 | D:1      | Reached skill level 1 in Ice Magic
   200 | D:1      | Reached skill level 1 in Air Magic
   200 | D:1      | Reached skill level 1 in Earth Magic
   200 | D:1      | Reached skill level 1 in Poison Magic
   309 | D:1      | Noticed a quasit
   310 | D:1      | Found a one-way gate to the infinite horrors of the Abyss.
   310 | D:1      | Found a corrupted altar of Lugonu.
   310 | D:1      | Noticed a quasit
   311 | D:1      | Noticed a crimson imp
   312 | D:1      | Noticed a crimson imp
   604 | D:1      | Reached XP level 3. HP: 18/28 MP: 0/0
   604 | D:1      | Learned a level 1 spell: Sting
   875 | D:1      | Found Kaemuqom's Jewellery Shoppe.
  1033 | D:1      | Found a faded altar of an unknown god.
  1379 | D:2      | Found Cegaopp's Distillery.
  1385 | D:2      | Bought a potion of curing for 39 gold pieces
  1385 | D:2      | Bought a potion of lignification for 39 gold pieces
  1542 | D:2      | Found Wusime's Weapon Shop.
  1621 | D:2      | Found Bohicoqeta's Distillery.
  1653 | D:2      | Reached XP level 4. HP: 30/33 MP: 0/0
  1741 | D:2      | Found Emuk's Distillery.
  1748 | D:2      | Bought a potion of degeneration for 14 gold pieces
  2368 | D:3      | HP: 1/34 [orc/+0 trident (6)]
  2372 | D:3      | Slain by an orc

Illustrated notes

Levels and vault maps discovered:
D:1:      erik_arrival_cave_to_civilisation [erik_arrival_cave_to_temple],
          layout_basic, serial_shops, shop, serial_corexii_hall,
          chequers_hall_statues_wall_a, corexii_hall_statues_deadend,
          corexii_hall_statues_u, corexii_hall_statues_i,
          shapermc_ecumenical_altar_flowoftime
D:2:      layout_basic, serial_shops, nicolae_shop_bloodbath_and_beyond,
          nicolae_shop_trees, nicolae_shop_industrial_runoff,
          nicolae_shop_rolling_square
D:3:      layout_basic, gammafunk_ghost_smash

Skill      XL: |  1  2  3  4 |
---------------+-------------+-----
Spellcasting   | 1 2 |  2.2
Conjurations   | 1 2 |  2.2
Hexes          | 1 2 |  2.2
Summonings     | 1 2 |  2.2
Necromancy     | 1 2 |  2.2
Translocations | 1 2 |  2.2
Transmutations | 1 2 |  2.2
Fire Magic     | 1 2 |  2.2
Ice Magic      | 1 2 |  2.2
Air Magic      | 1 2 |  2.2
Earth Magic    | 1 2 |  2.2
Poison Magic   | 1 2 |  2.2
Fighting       | 2 |  2.4
Armour         | |  1.0
Dodging        | |  2.1
Stealth        | |  0.7
Evocations     | |  3.0

Action                     |  1- 3 |  4- 6 || total
---------------------------+-------+-------++-------
  Melee: Club              |    30 |       ||    30
         Short sword       |    99 |     5 ||   104
         Long sword        |       |    40 ||    40
   Cast: Sting             |    13 |     3 ||    16
  Evoke: Wand              |     1 |     9 ||    10
   Stab: Sleeping          |     2 |     1 ||     3
 Armour: Leather armour    |    81 |    45 ||   126
  Dodge: Dodged            |    63 |    34 ||    97

Table legend: (Time is in decaauts)
 A = Elapsed time spent in this place.
 B = Non-inter-level travel time spent in this place.
 C = Inter-level travel time spent in this place.
 D = Time resting spent in this place.
 E = Time spent auto-exploring this place.
 F = Levels seen in this place.
 G = Mean time per level.
                   A        B        C        D        E       F      G
               +--------+--------+--------+--------+--------+-----+--------+
         Total |   2395 |   2263 |    132 |    302 |   1492 |   3 |  798.3 |
       Dungeon |   2395 |   2263 |    132 |    302 |   1492 |   3 |  798.3 |
               +--------+--------+--------+--------+--------+-----+--------+

Top non-repeatable levels by time:
     D:1: 1290 daAuts
     D:2: 707 daAuts
     D:3: 397 daAuts
